 Dungeon Crawl Stone Soup version 0.19-a0-675-gf8984cf (webtiles) character file.

335 poirepourri the Magician (level 6, -4/32 HPs)
             Began as a Deep Elf Fire Elementalist on June 16, 2016.
             Slain by Edmund
             ... wielding a +0 flail of crushing
              (6 damage)
             ... on level 4 of the Dungeon.
             The game lasted 00:07:36 (4799 turns).

poirepourri the Magician (DEFE)                     Turns: 4799, Time: 00:07:37

Health: -4/32      AC:  4    Str:  5    XL:     6   Next: 28%
Magic:  4/16       EV: 13    Int: 22    God:
Gold:   139        SH:  0    Dex: 15    Spells: 5 memorised, 3 levels left

rFire  . . .     SeeInvis .     (no weapon)
rCold  . . .     Gourm    .     a - +0 robe
rNeg   . . .     Faith    .     (no shield)
rPois  .         Spirit   .     (no helmet)
rElec  .         Dismiss  .     i - +0 cloak
rCorr  .         Reflect  .     (no gloves)
SustAt .         Harm     .     d - +0 pair of boots
MR     .....                    (no amulet)
Stlth  ++........               (no ring)
                                (no ring)

@: not resistant to hostile enchantments, unstealthy
A: no striking features
a: no special abilities


You were on level 4 of the Dungeon.
You were not hungry.

You visited 1 branch of the dungeon, and saw 4 of its levels.

You collected 139 gold pieces.

Inventory:

Armour
 a - a +0 robe (worn)
 d - a +0 pair of boots (worn)
 i - a +0 cloak (worn)
Scrolls
 e - 2 scrolls of recharging
 g - a scroll of amnesia
Potions
 f - 2 potions of magic
 h - a potion of lignification
 k - a potion of curing
 n - a potion of agility
Books
 b - a book of Flames

   Spells                             Type                      Level
   a - Flame Tongue                   Conjuration/Fire             1
   b - Throw Flame                    Conjuration/Fire             2
   c - Conjure Flame                  Conjuration/Fire             3
   d - Inner Flame                    Hexes/Fire                   3
   e - Sticky Flame                   Conjuration/Fire             4
   f - Fireball                       Conjuration/Fire             5
Comestibles
 j - a slice of pizza
 m - a beef jerky


   Skills:
 + Level 0.2 Fighting
 + Level 3.2 Dodging
 + Level 3.1 Stealth
 + Level 5.6 Spellcasting
 + Level 2.4 Conjurations
 + Level 5.5 Fire Magic


You had 3 spell levels left.
You knew the following spells:

 Your Spells              Type           Power        Failure   Level  Hunger
a - Flame Tongue          Conj/Fire      ###..        1%          1    None
b - Throw Flame           Conj/Fire      ###...       3%          2    None
c - Conjure Flame         Conj/Fire      ###.....     8%          3    ##.....
d - Inner Flame           Hex/Fire       ###.....     12%         3    ##.....
e - Sticky Flame          Conj/Fire      ###.....     21%         4    ####...


Dungeon Overview and Level Annotations

Branches:
Dungeon (4/15)
 Temple: D:4-7

Altars:
Ashenzari
Pakellas

Annotations:
D:4 Edmund


Message History

Edmund is almost dead.
Edmund hits you with a flail of crushing!
Casting: Flame Tongue
Confirm with . or Enter, or press ? or * to list all spells.
Aiming: Flame Tongue
Press: ? - help, Shift-Dir - straight line, f/p - Edmund
Aim: Edmund, wielding a flail of crushing and wearing a leather armour (almost dead, unusually strong)
The flame tongue hits Edmund.
Edmund is almost dead.
Edmund hits you with a flail of crushing!
Ouch! That really hurt!
* * * LOW HITPOINT WARNING * * *
x2
Casting: Flame Tongue
Confirm with . or Enter, or press ? or * to list all spells.
Aiming: Flame Tongue
Press: ? - help, Shift-Dir - straight line, f/p - Edmund
Aim: Edmund, wielding a flail of crushing and wearing a leather armour (almost dead, unusually strong)
The flame tongue misses Edmund.
Edmund hits you with a flail of crushing.
You die...

.## ..# ####..# ###.....#
##.....#.# ##........##
.###..<.......#
........@@.....#
##..........#..# ..
#....(.....##.### ..l.
#............#.†.###.....
##.....(.#...........(...
###########.............
###...........
##.......... #..........


You could see Edmund.

Vanquished Creatures
  An orc wizard (D:3)
  A hound (D:4)
  Crazy Yiuf (D:2)
  Jessica (D:2)
  Ijyb (D:2)
  Natasha (thrice) (D:2)
  A worker ant zombie (D:3)
  A gnoll (D:1)
  4 adders
  A worm (D:4)
  3 giant geckos
  6 orcs
  2 giant cockroaches
  7 goblins
  6 hobgoblins
  10 bats
  5 giant newts
  6 kobolds
  7 rats
67 creatures vanquished.

Notes
Turn   | Place    | Note
--------------------------------------------------------------
     0 | D:1      | poirepourri the Deep Elf Fire Elementalist began the quest for the Orb.
     0 | D:1      | Reached XP level 1. HP: 10/10 MP: 6/6
   395 | D:1      | Reached XP level 2. HP: 7/15 MP: 5/8
   828 | D:1      | Learned a level 2 spell: Throw Flame
  1138 | D:1      | Found a shattered altar of Ashenzari.
  1440 | D:2      | Noticed Jessica
  1442 | D:2      | Noticed Ijyb
  1442 | D:2      | Killed Jessica
  1442 | D:2      | Reached XP level 3. HP: 19/19 MP: 0/10
  1630 | D:2      | Killed Ijyb
  1630 | D:2      | Reached XP level 4. HP: 21/24 MP: 0/12
  2001 | D:2      | Noticed Crazy Yiuf
  2010 | D:2      | Killed Crazy Yiuf
  2068 | D:2      | Found an oddly glowing altar of Pakellas.
  2443 | D:2      | Noticed Natasha
  2447 | D:2      | Killed Natasha
  2447 | D:2      | Reached XP level 5. HP: 16/28 MP: 6/13
  2609 | D:2      | Noticed Natasha
  2612 | D:2      | Killed Natasha
  2612 | D:2      | Reached skill level 5 in Fire Magic
  2820 | D:2      | Learned a level 3 spell: Conjure Flame
  2824 | D:2      | Learned a level 3 spell: Inner Flame
  2829 | D:2      | Learned a level 4 spell: Sticky Flame
  2871 | D:2      | Noticed Natasha
  2875 | D:2      | Killed Natasha
  2875 | D:2      | Reached skill level 5 in Spellcasting
  4166 | D:3      | Reached XP level 6. HP: 32/32 MP: 5/15
  4780 | D:4      | Noticed Edmund
  4799 | D:4      | Slain by Edmund

Vault maps used:
D:1:      minmay_arrival_four_loops, hangedman_decor_opposing,
          kennysheep_flooded_box
D:2:      grunt_pakellas_salt, uniq_crazy_yiuf_cottage, uniq_natasha,
          uniq_jessica, uniq_iyjb
D:4:      first_bread, minmay_misc_feat_encased, eino_tiny_chamber, uniq_edmund

Skill      XL: |  1  2  3  4  5 |
---------------+----------------+-----
Dodging        | 3 |  3.2
Fire Magic     | 4 5 |  5.5
Spellcasting   | 4 5 |  5.6
Conjurations   | 2 |  2.4
Stealth        | 3 |  3.1
Fighting       | |  0.2

Action                   |  1- 3 |  4- 6 || total
-------------------------+-------+-------++-------
Melee: Unarmed           |     2 |     1 ||     3
 Cast: Flame Tongue      |    41 |    45 ||    86
       Throw Flame       |     6 |    66 ||    72
       Sticky Flame      |       |     1 ||     1
  Use: Scroll            |     3 |     8 ||    11
  Eat: Meat ration       |     1 |       ||     1
       Bread ration      |       |     2 ||     2
       Beef jerky        |       |     1 ||     1
Armor: Robe              |     5 |     2 ||     7
Dodge: Dodged            |    21 |    13 ||    34
